 Dungeon Crawl Stone Soup version 0.28.0-47-ge53b351184 (webtiles) character file.

Game seed: 323383388330762875

3 Keeper01 the Stinger (level 1, 0/11 HPs)
             Began as an Octopode Venom Mage on May 10, 2022.
             Slain by a rat (3 damage)
             ... on level 1 of the Dungeon.
             The game lasted 00:02:33 (196 turns).

Keeper01 the Stinger (Octopode Venom Mage)           Turns: 196, Time: 00:02:33

Health: 0/11       AC:  1    Str:  7    XL:     1   Next: 50%
Magic:  1/3        EV: 13    Int: 17    God:
Gold:   16         SH:  0    Dex: 12    Spells: 3/4 levels left

rFire   . . .      SeeInvis .   (no weapon)
rCold   . . .      Faith    .   (no shield)
rNeg    . . .      Spirit   .   (helmet restricted)
rPois   .          Reflect  .   (no amulet)
rElec   .          Harm     .   (no ring)
rCorr   .          Rampage  .   (no ring)
Will    .....                   (no ring)
Stlth   +++.......              (no ring)
HPRegen 0.03/turn               (no ring)
MPRegen 0.08/turn               (no ring)
                                (no ring)
                                (no ring)

@: no status effects
A: almost no armour, amphibious, 8 rings, camouflage 1, gelatinous body 1,
(nimble swimmer 1), tentacles
a: no special abilities


You were on level 1 of the Dungeon.
You visited 1 branch of the dungeon, and saw 1 of its levels.

You collected 16 gold pieces.

Inventory:

Hand Weapons
 b - a +0 whip
Scrolls
 a - a scroll of identify {unknown}
 c - a scroll of blinking {unknown}


   Skills:
 + Level 2.0 Dodging
 + Level 2.6 Stealth
 + Level 2.2 Spellcasting
 + Level 1.0 Transmutations
 + Level 3.6 Poison Magic


You had 3 spell levels left.
You knew the following spells:

 Your Spells              Type           Power      Damage    Failure   Level
a - Sting                 Tmut/Pois      36%        1d4       8%          1

Your spell library contained the following spells:

 Spells                   Type           Power      Damage    Failure   Level
 Poisonous Vapours        Pois/Air       16%        N/A       14%         2
 Mephitic Cloud           Conj/Pois/Air  6%         N/A       34%         3
 Olgreb's Toxic Radiance  Pois           14%        N/A       38%         4


Dungeon Overview and Level Annotations

Branches:
Dungeon (1/15)

Altars:


Innate Abilities, Weirdness & Mutations

You cannot wear most types of armour.
You are amphibious.
You can wear up to eight rings at the same time.
Your skin changes colour to match your surroundings (Stealth+).
Your rubbery body absorbs attacks. (AC +1, EV +1)
((You are camouflaged when in or above water. (Stealth+)))
You have tentacles for arms and can constrict up to eight enemies at once.


Message History

Unknown command.
You don't have enough magic to cast this spell.
You don't have enough magic to cast this spell.
Unknown command.
You don't have enough magic to cast this spell.
Welcome back, Keeper01 the Octopode Venom Mage.
Press ? for a list of commands and other information.
Really attack while wielding nothing? [Y]es or [N]o only, please.
Really attack while wielding nothing? [Y]es or [N]o only, please.
Really attack while wielding nothing? [Y]es or [N]o only, please.
Really attack while wielding nothing? [Y]es or [N]o only, please.
Really attack while wielding nothing? [Y]es or [N]o only, please.
Really attack while wielding nothing?
Okay, then.
A rat is nearby!
A rat is nearby!
Really attack while wielding nothing?
You tentacle-slap the rat but do no damage.
Your grab misses the rat. The rat closely misses you.
You tentacle-slap the rat but do no damage.
Your grab misses the rat. You squeeze the rat, but do no damage.
The rat misses you. The rat closely misses you. The rat misses you.
The rat bites you. The rat closely misses you.
Your magical contamination has completely faded away.
The rat barely misses you.
Found a stone staircase leading down.
The rat bites you.
* * * LOW HITPOINT WARNING * * *
A rat is nearby!
A rat is nearby!
The rat bites you.
You die...

.......##†#.##.#.
#####......##.#.##.#.
#..........##.#.##...
#.##.. ....##.#.##.#.
#.##.# #..##.#.##.#.
#.##.# #..##.#.##.##
#######.##.#
#.......##.#
....>....r.#
#..#######.#
##########.##@####..###
#.#
#.....................#
...
#..........##.......#.#
#############.#####.#...
#.. ........ ####
#.###.## .# .# ##


You could see a rat.

Vanquished Creatures
  A kobold (D:1)
  A quokka (D:1)
  A bat (D:1)
3 creatures vanquished.

Notes
Turn   | Place    | Note
-------+----------+-------------------------------------------
     0 | D:1      | Keeper01 the Octopode Venom Mage began the quest for the
                  | Orb.
     0 | D:1      | Reached XP level 1. HP: 11/11 MP: 3/3
   196 | D:1      | Slain by a rat

Illustrated notes

Levels and vault maps discovered:
D:1:      dpeg_arrival_another_circle, layout_basic,
          hellmonk_ecumenical_altar_leap_of_faith, minmay_box_of_dots

Action                   || total
-------------------------++-------
Melee: Unarmed           ||    11
       Constrict         ||     3
       Tentacles         ||     3
 Cast: Sting             ||     3
Armor: Skin              ||     1
Dodge: Dodged            ||     9
